 Dungeon Crawl Stone Soup version bcrawl-1.12-10-g10a67aac0f (webtiles) character file.

Game seed: 9000454201170707780

4545 MisterOstroum the Covert (level 10, -11/80 HPs)
             Began as a Vampire Rogue on June 12, 2019.
             Was a Priest of Dithmenos.
             Mangled by a freezing wraith (12 damage)
             ... on level 8 of the Dungeon.
             The game lasted 00:44:19 (9738 turns).

MisterOstroum the Covert (Vampire Rogue)            Turns: 9738, Time: 00:44:20

Health: -11/80     AC:  0    Str: 14    XL:     10   Next: 17%
Magic:  0/13       EV: 24    Int: 12    God:    Dithmenos [***...]
Gold:   395        SH:  0    Dex: 23    Spells: 9/9 levels left

rFire    . . .     SeeInvis +   (weapon currently unavailable)
rCold    . . .     Gourm    .   (shield currently unavailable)
rNeg     . . .     Faith    .   (armour currently unavailable)
rPois    .         Spirit   +   (helmet currently unavailable)
rElec    .         Reflect  .   (cloak currently unavailable)
rCorr    .         Harm     .   (gloves currently unavailable)
MR       +....                  (boots currently unavailable)
Stlth    ++++++++..             s - amulet of guardian spirit
HPRegen  0.56/turn              (ring currently unavailable)
MPRegen  0.13/turn              (ring currently unavailable)

@: bat-form, flying, regenerating quickly, slowed, wreathed by umbra, quick
A: tiny, fangs 3, see invisible
a: End Transformation, Shadow Step, Renounce Religion


You were on level 8 of the Dungeon.
You worshipped Dithmenos.
Dithmenos was most pleased with you.
You were very full.
You were in vampire-bat-form.
You visited 1 branch of the dungeon, and saw 8 of its levels.
You also visited: Sewer and Ossuary.

You collected 494 gold pieces.
You spent 99 gold pieces at shops.

Inventory:

Hand Weapons
 a - a +2 dagger
 b - a +0 blowgun
 l - a +1 dagger of venom
 y - a +4 dagger of electrocution (melded)
 Q - a +1 whip of flaming
 W - a +2 short sword of venom
Missiles
 h - 815 poisoned needles
 i - 2646 stones (quivered)
 O - 99 needles of frenzy
 V - 91 tomahawks
Armour
 c - a +0 robe (melded)
 d - a +0 cloak (melded)
 r - a +0 pair of gloves (melded)
 F - a +0 helmet (melded)
 I - a +0 buckler (melded)
 P - a +0 plate armour
 T - a cursed -1 cloak
 U - a +0 pair of boots
Jewellery
 e - an uncursed amulet of regeneration
 j - a ring of positive energy (melded)
 q - a ring of magical power (melded)
 s - an amulet of guardian spirit (around neck)
 t - an uncursed ring of resist corrosion
Wands
 f - a wand of flame (9)
 g - a wand of enslavement (15)
 x - a wand of polymorph (9)
 M - a wand of random effects (7)
Scrolls
 k - 7 scrolls of remove curse {@r2}
 n - 8 scrolls of teleportation {@r3 !r}
 o - a scroll of noise
 u - 4 scrolls of identify {@r1}
 A - 2 scrolls of magic mapping {@r5 !r}
 B - 2 scrolls of blinking {unknown}
 C - 3 scrolls of amnesia {unknown}
 E - 3 scrolls of fog {unknown}
 G - 2 scrolls of enchant armour {unknown}
 N - a scroll of fear {unknown}
Potions
 m - 4 potions of heal wounds
 p - 3 potions of mutation
 v - 4 potions of curing {@q1 !q}
 w - a potion of resistance {unknown}
 z - 3 potions of might {@q3 !q}
 D - 2 potions of degeneration {unknown}
 H - a potion of lignification {unknown}
 J - a potion of brilliance {unknown}
 K - a potion of magic {unknown}
 L - 2 potions of flight {unknown}
 R - a potion of berserk rage {unknown}
 S - a potion of haste {unknown}
 X - 20 potions of blood
 Y - a potion of agility {unknown}


   Skills:
 + Level 7.8 Fighting
 - Level 8.2 Short Blades
 - Level 1.5 Throwing
 - Level 5.0 Dodging
 - Level 10.0 Stealth
 - Level 4.0 Shields
 - Level 2.5 Invocations
 - Level 5.0 Evocations


You had 9 spell levels left.
You didn't know any spells.
Your spell library contained the following spells:

 Spells                   Type           Power        Failure   Level  Hunger
 Magic Dart               Conj           #...         32%         1    ##.....
 Pain                     Necr           #...         32%         1    ##.....
 Searing Ray              Conj           #.....       45%         2    ###....
 Confuse                  Hex            #.......     69%         3    ####...
 Dazzling Spray           Conj/Hex       #.....       69%         3    ####...
 Iskenderun's Mystic Bla  Conj           #.......     69%         3    ####...
 Fulminant Prism          Conj/Hex       #.........   97%         4    #####..
 Petrify                  Tmut/Erth      #.......     97%         4    #####..
 Yara's Violent Unravell  Hex/Tmut       #.........   97%         4    #####..
 Irradiate                Conj/Tmut      #.........   100%        5    ######.
 Metabolic Englaciation   Hex/Ice        #.........   100%        5    ######.


Dungeon Overview and Level Annotations

Branches:
Dungeon (8/12)             Temple (0/1) D:4
   Lair: D:7-10         Orc: D:8-11

Altars:
Cheibriados
Dithmenos
Fedhas
Hepliaklqana
Lugonu
Nemelex Xobeh
Qazlal
Sif Muna
Vehumet
Xom
The Shining One

Shops:
D:5 [


Innate Abilities, Weirdness & Mutations

Your natural rate of healing is unusually fast.
((You have sharp fingernails.))
You have razor-sharp teeth.
You have supernaturally acute eyesight. (SInv)
((You can survive without breathing.))


Message History

You bottle the corpse's blood.
X - 19 potions of blood (gained 1)
You see here a +0 hand axe. x2
i - 2433 stones (gained 3)
You see here a +0 dagger of flaming.
You bottle the corpse's blood.
X - 20 potions of blood (gained 1)
You see here a +0 club. x2
Y - a clear potion
D - 2 ruby potions (gained 1)
i - 2497 stones (gained 64)
i - 2646 stones (gained 149)
A centaur comes into view.
The centaur shouts!
The centaur wields a +0 shortbow.
The centaur shoots an arrow.
The arrow hits you.
Okay, then.
The centaur shoots an arrow.
You block the arrow.
The centaur shoots an arrow.
The arrow hits you!
Aiming: Shadow Step
Press: ? - help, Dir - move target cursor, f - centaur
Aim: a centaur, wielding a +0 shortbow (umbra)
You step into the centaur's shadow.
You leave a shadowy clone behind.
The centaur unwields a +0 shortbow.
You block the centaur's attack.
Found 8 gold pieces.
You barely miss the centaur. The centaur hits you.
You puncture the centaur!
The centaur is moderately wounded.
The centaur closely misses you.
You hit the centaur but do no damage. You bite the centaur.
The centaur is moderately wounded.
The centaur closely misses you.
You puncture the centaur! You bite the centaur.
The centaur is severely wounded.
You block the centaur's attack.
You hit the centaur but do no damage. Lightning courses through the centaur!
You kill the centaur!
Dithmenos accepts your kill.
No target in view!
You feel less exhausted.
Things that are here:
a +0 shortbow; 168 arrows You now have 395 gold pieces (gained 8).
A freezing wraith comes into view.
A freezing wraith is nearby!
An adder comes into view.
You hit the freezing wraith but do no damage.
You bite the freezing wraith, but do no damage.
You closely miss the freezing wraith. You block the freezing wraith's attack.
The freezing wraith hits you. The freezing wraith drains your vigour!
You feel yourself slow down.
You hit the freezing wraith but do no damage.
Lightning courses through the freezing wraith!
The freezing wraith is moderately damaged.
The freezing wraith hits you! The freezing wraith freezes you!!
The freezing wraith closely misses you.
Put on which piece of jewellery? (? for menu, Esc to quit)
Okay, then.
Unknown command.
You hit the freezing wraith but do no damage.
Lightning courses through the freezing wraith!
The freezing wraith is heavily damaged.
The freezing wraith hits you. The freezing wraith freezes you!!
The freezing wraith closely misses you.
You hit the freezing wraith but do no damage.
Your bite misses the freezing wraith.
The freezing wraith is moderately damaged.
The freezing wraith barely misses you. The freezing wraith hits you.
You hit the freezing wraith but do no damage.
The freezing wraith is moderately damaged.
You block the freezing wraith's attack. The freezing wraith closely misses you.
You closely miss the freezing wraith.
The freezing wraith is moderately damaged.
The freezing wraith barely misses you. You block the freezing wraith's attack.
You hit the freezing wraith but do no damage.
You bite the freezing wraith, but do no damage.
The freezing wraith is moderately damaged.
You block the freezing wraith's attack. The freezing wraith barely misses you.
You hit the freezing wraith but do no damage.
The freezing wraith is moderately damaged.
Press: ? - help, v - describe, . - travel
Here: a freezing wraith (moderately damaged, umbra)
The floor.
Unknown command.
You turn into a vampire bat.
Your +4 dagger of electrocution melds into your body.
Your +0 cloak melds into your body.
Your +0 helmet melds into your body.
Your +0 pair of gloves melds into your body.
Your +0 buckler melds into your body.
Your +0 robe melds into your body.
Your ring of positive energy melds into your body.
Your ring of magical power melds into your body.
Your +4 dagger of electrocution stops crackling.
You feel your magic capacity decrease. The freezing wraith hits you!
The freezing wraith freezes you!!
* * * LOW HITPOINT WARNING * * *
The freezing wraith completely misses you.
The freezing wraith hits you!
* * * LOW HITPOINT WARNING * * *
The freezing wraith freezes you!
You die...

#..)..##############.###
#......##........# #
###....##........#
#....##........#
####.##........#
#.##........#
#.##........#
#...........#
#....bW.##+##
#######....... ..#.#..
...... ....### S...#
.##.# .. .#


You could see a freezing wraith.

Vanquished Creatures
  Pikel (D:7)
  A kobold demonologist (D:7)
  A troll (D:7)
  Prince Ribbit (D:5)
  A hippogriff (D:6)
  A wraith (Ossuary)
  3 yaks (D:7)
  2 sky beasts
  An orc warrior (D:7)
  3 ogres
  2 phantoms
  4 centaurs
  5 big kobolds
  A scorpion (D:7)
  A crimson imp (D:6)
  3 hounds
  A gnoll shaman (D:5)
  A bullfrog skeleton (D:5)
  3 jellies
  2 orc wizards (D:4)
  3 centaur skeletons
  Ijyb (D:3)
  3 worker ants
  Natasha (twice) (D:4)
  A killer bee zombie (D:7)
  A hound skeleton (D:6)
  A mummy (Ossuary)
  8 gnolls
  13 adders
  2 river rats (Sewer)
  A shadow imp (D:6)
  6 oozes
  An adder skeleton (D:7)
  4 worms
  3 dart slugs
  4 leopard geckos
  24 orcs
  4 giant cockroaches
  6 goblins
  9 hobgoblins
  9 jackals
  2 ball pythons
  3 bats
  5 frilled lizards
  6 gnoll skeletons (Ossuary)
  22 kobolds
  7 kobold skeletons (Ossuary)
  12 orc skeletons (Ossuary)
  A quokka zombie (D:4)
  9 rats
211 creatures vanquished.

Vanquished Creatures (others)
  A hungry ghost (D:7)
  3 slaves (D:7)
  A necrophage (D:7)
  An ogre (D:7)
  A scorpion (D:7)
  A crimson imp (D:7)
  A hound (D:7)
  An orc priest (D:7)
  2 adders (D:7)
  An orc (D:7)
13 creatures vanquished.

Grand Total: 224 creatures vanquished

Notes
Turn   | Place    | Note
-------+----------+-------------------------------------------
     0 | D:1      | MisterOstroum the Vampire Rogue began the quest for the
                  | Orb.
     0 | D:1      | Reached XP level 1. HP: 13/13 MP: 2/2
   119 | D:1      | Reached XP level 2. HP: 19/19 MP: 3/3
   720 | D:1      | Reached XP level 3. HP: 24/24 MP: 4/4
  1716 | D:2      | Reached skill level 5 in Short Blades
  2219 | D:2      | Reached XP level 4. HP: 31/31 MP: 5/5
  2365 | D:2      | Reached skill level 1 in Fighting
  2673 | D:2      | Found a blossoming altar of Fedhas.
  2673 | D:2      | Found a hazy altar of Hepliaklqana.
  2879 | D:3      | Noticed Ijyb
  2918 | D:3      | Killed Ijyb
  2918 | D:3      | Reached XP level 5. HP: 30/38 MP: 6/6
  3165 | D:3      | Found a shadowy altar of Dithmenos.
  3178 | D:3      | Became a worshipper of Dithmenos the Shadowed
  3248 | D:3      | Found a snail-covered altar of Cheibriados.
  3806 | D:4      | Found a sand-covered staircase.
  3812 | Ossuary  | Entered an ossuary
  3812 | Ossuary  | Noticed a wraith
  3812 | Ossuary  | Noticed a wraith
  3812 | Ossuary  | Noticed a wraith
  3881 | Ossuary  | Reached skill level 7 in Stealth
  3906 | Ossuary  | Reached * piety under Dithmenos
  3980 | Ossuary  | Noticed a wraith
  3984 | Ossuary  | Killed a wraith
  3984 | Ossuary  | Reached XP level 6. HP: 46/46 MP: 7/7
  4503 | D:4      | Found a deep blue altar of Sif Muna.
  4526 | D:4      | Identified Sif Muna's Grimoire of Stolen Souls
  4800 | D:4      | Noticed a sky beast
  4830 | D:4      | Killed a sky beast
  4830 | D:4      | Reached XP level 7. HP: 52/52 MP: 8/8
  4850 | D:4      | Noticed Natasha
  4861 | D:4      | Killed Natasha
  4984 | D:4      | Found a staircase to the Ecumenical Temple.
  5056 | D:4      | Reached skill level 8 in Stealth
  5099 | D:4      | Noticed Natasha
  5112 | D:4      | Killed Natasha
  5661 | D:5      | Entered Level 5 of the Dungeon
  5707 | D:5      | Noticed Prince Ribbit
  5757 | D:5      | Killed Prince Ribbit
  5757 | D:5      | Reached XP level 8. HP: 25/61 MP: 8/9
  5780 | D:5      | Found Hitruirr's Antique Armour Shoppe.
  5837 | D:5      | Reached skill level 5 in Fighting
  5837 | D:5      | Reached skill level 9 in Stealth
  5891 | D:5      | Found a glowing drain.
  5895 | Sewer    | Entered a sewer
  5962 | Sewer    | Reached ** piety under Dithmenos
  5962 | Sewer    | Reached skill level 1 in Shields
  6226 | Sewer    | Your ally MisterOstroum died
  6320 | D:5      | Reached skill level 10 in Stealth
  6388 | D:5      | Found a radiant altar of Vehumet.
  6400 | D:5      | Found a sparkling altar of Nemelex Xobeh.
  6402 | D:5      | Found a corrupted altar of Lugonu.
  6629 | D:5      | Bought a pair of gloves for 99 gold pieces
  7215 | D:6      | Reached skill level 1 in Dodging
  7403 | D:6      | Noticed a hippogriff
  7458 | D:6      | Found a shimmering altar of Xom.
  7458 | D:6      | Found a shimmering altar of Xom.
  7459 | D:6      | Found a shimmering altar of Xom.
  7460 | D:6      | Found a shimmering altar of Xom.
  7461 | D:6      | Found a shimmering altar of Xom.
  7558 | D:6      | Reached skill level 1 in Invocations
  7558 | D:6      | Reached XP level 9. HP: 68/68 MP: 9/10
  7662 | D:6      | Reached *** piety under Dithmenos
  7738 | D:6      | Your ally MisterOstroum died
  8330 | D:7      | Noticed Pikel
  8350 | D:7      | Killed Pikel
  8403 | D:7      | Found a stormy altar of Qazlal.
  8555 | D:7      | Noticed a kobold demonologist
  8568 | D:7      | Noticed a troll
  8705 | D:7      | Reached skill level 5 in Dodging
  8909 | D:7      | Found a glowing golden altar of the Shining One.
  9043 | D:7      | Killed a troll
  9043 | D:7      | Reached skill level 5 in Evocations
  9391 | D:7      | Killed a kobold demonologist
  9391 | D:7      | Reached XP level 10. HP: 74/79 MP: 12/13
  9403 | D:7      | Noticed a manticore
  9409 | D:7      | Noticed a catoblepas
  9698 | D:8      | Your ally MisterOstroum died
  9738 | D:8      | HP: 1/80 [freezing wraith (12)]
  9738 | D:8      | Mangled by a freezing wraith

Skill      XL: |  1  2  3  4  5  6  7  8  9 |
---------------+----------------------------+-----
Short Blades   | 3 4 5 6 7 8 |  8.2
Fighting       | 1 2 3 4 5 7 |  7.8
Stealth        | 7 8 10 | 10.0
Shields        | 4 |  4.0
Dodging        | 1 5 |  5.0
Invocations    | 1 2 |  2.5
Evocations     | 5 |  5.0
Throwing       | |  1.5

Action                   |  1- 3 |  4- 6 |  7- 9 | 10-12 || total
-------------------------+-------+-------+-------+-------++-------
Melee: Dagger            |    95 |   171 |   334 |    77 ||   677
       Unarmed           |    27 |       |    21 |       ||    48
       Bite              |    11 |    24 |    44 |    15 ||    94
 Fire: Blowgun           |    13 |     5 |    40 |     6 ||    64
Throw: Stone             |     2 |    13 |     6 |    10 ||    31
Invok: Shadow Step       |       |       |     2 |     1 ||     3
 Abil: Bat Form          |     3 |     2 |    30 |     3 ||    38
       End Transformatio |     3 |     2 |    30 |     2 ||    37
Evoke: Wand              |       |     6 |       |       ||     6
  Use: Potion            |     5 |     6 |    15 |       ||    26
       Scroll            |     2 |     3 |     9 |     1 ||    15
 Stab: Sleeping          |    17 |    19 |    28 |       ||    64
       Distracted        |       |       |       |     1 ||     1
  Eat: Corpse            |     2 |     3 |     5 |     3 ||    13
Armor: Robe              |    10 |    17 |    38 |     6 ||    71
Dodge: Dodged            |    57 |    51 |   183 |    47 ||   338
Block: Buckler           |       |       |     4 |    17 ||    21
